 Dungeon Crawl Stone Soup version 0.26.0-10-g1f06aea511 (webtiles) character file.

Game seed: 12792067336624363788

268151 Dirian the Fencer (level 19, -6/184 HPs)
             Began as a Minotaur Fighter on Jan 21, 2021.
             Was a High Priest of the Shining One.
             Mangled by a spriggan defender
             ... wielding a +1 vampiric lajatang
              (8 damage)
             ... on level 3 of the Depths.
             The game lasted 01:10:48 (31071 turns).

Dirian the Fencer (Minotaur Fighter)               Turns: 31071, Time: 01:10:49

Health: -6/184     AC: 24    Str: 29    XL:     19   Next: 75%
Magic:  9/28       EV: 16    Int: 13    God:    the Shining One [*****.]
Gold:   5505       SH: 27    Dex: 12    Spells: 18/18 levels left

rFire    + . .     SeeInvis .   b - +9 eudemon blade (holy)
rCold    + + .     Faith    .   F - +0 kite shield "Olurphef" {Rampage Will+ Regen+}
rNeg     + + +     Spirit   .   H - +7 chain mail "Filoxeofi" {-Cast rElec rN+ Regen+}
rPois    .         Reflect  .   (helmet restricted)
rElec    +         Harm     .   O - scarf {rC+ rF+}
rCorr    .         Rampage  +   s - +0 pair of gloves
Will     ++...     NoCast   +   G - +0 pair of boots
Stlth    ..........             c - amulet of False Pretenses {rElec Regen+ Str+3 Int+3 Dex-5}
HPRegen  1.60/turn              B - ring "Xoxoplil" {rC+ rN+ EV+4 Int+3}
MPRegen  0.21/turn              E - ring of Omnuir {*Contam Int+2 Dex+4 Stlth-}

@: divine shield, glowing
A: retaliatory headbutt, horns 2
}: 1/15 runes: abyssal
a: Renounce Religion, Divine Shield, Cleansing Flame, Summon Divine Warrior


You were on level 3 of the Depths.
You worshipped the Shining One.
The Shining One was extremely pleased with you.
You visited 6 branches of the dungeon, and saw 31 of its levels.
You visited the Abyss 1 time.
You also visited: Sewer, Ossuary, Bailey, Gauntlet, Volcano and Desolation.

You collected 5754 gold pieces.
You spent 249 gold pieces at shops.

Inventory:

Hand Weapons
 a - a +4 scimitar of flaming
 b - a +9 eudemon blade of holy wrath (weapon)
 i - a +5 scimitar of electrocution
Armour
 f - the -2 pair of boots "Iphubapo" {-Cast rF+++ rN+++ Dex-3}
   (You found it in a Gauntlet)

   It affects your dexterity (-3).
   It renders you almost immune to fire.
   It renders you almost immune to negative energy.
   It prevents spellcasting.
 s - a +0 pair of gloves (worn)
 F - the +0 kite shield "Olurphef" (worn) {Rampage Will+ Regen+}
   (You acquired it on level 9 of the Dungeon)

   It affects your willpower, your defense against some magical effects.
   It increases your rate of regeneration.
   It bestows one free step when moving towards enemies.
 G - a +0 pair of boots (worn)
 H - the +7 chain mail "Filoxeofi" (worn) {-Cast rElec rN+ Regen+}
   (You found it on level 9 of the Dungeon)

   It insulates you from electricity.
   It protects you from negative energy.
   It prevents spellcasting.
   It increases your rate of regeneration.
 O - a scarf of resistance (worn)
Jewellery
 c - the amulet of False Pretenses (around neck) {rElec Regen+ Str+3 Int+3 Dex-5}
   (You found it in a Gauntlet)

   [amulet of regeneration]

   It affects your strength (+3).
   It affects your intelligence (+3).
   It affects your dexterity (-5).
   It insulates you from electricity.
   It increases your rate of regeneration.
 B - the ring "Xoxoplil" (left hand) {rC+ rN+ EV+4 Int+3}
   (You bought it in a shop on level 1 of the Elven Halls)

   [ring of evasion]

   It affects your evasion (+4).
   It affects your intelligence (+3).
   It protects you from cold.
   It protects you from negative energy.
 E - the ring of Omnuir (right hand) {*Contam Int+2 Dex+4 Stlth-}
   (You found it in a Gauntlet)

   [ring of attention]

   It affects your intelligence (+2).
   It affects your dexterity (+4).
   It causes magical contamination when unequipped.
   It makes you less stealthy.
 L - an uncursed ring of resist corrosion
 N - an uncursed ring of flight {unknown}
 U - the cursed necklace of Bloodlust {*Rage +Rage Will++ Int-3 Slay+6 *Curse}
   (You found it on level 4 of the Depths)

   [amulet of nothing]

   It affects your intelligence (-3).
   It affects your accuracy and damage with ranged weapons and melee attacks
   (+6).
   It affects your willpower, your defense against some magical effects.
   It lets you go berserk.
   It may make you go berserk in combat.
   It curses itself when equipped.
   It has a curse placed upon it.
 V - an uncursed ring of willpower {unknown}
 W - an uncursed ring of positive energy
Wands
 e - a wand of disintegration (10)
 v - a wand of digging (20)
 w - a wand of flame (54)
 y - a wand of iceblast (54)
 C - a wand of enslavement (9)
 D - a wand of polymorph (16)
 R - a wand of acid (22)
 S - a wand of paralysis (41)
Scrolls
 g - a scroll of brand weapon
 j - 9 scrolls of enchant armour
 o - 10 scrolls of immolation
 r - 9 scrolls of identify
 t - 19 scrolls of teleportation
 x - 18 scrolls of remove curse
 z - 2 scrolls of blinking
 J - a scroll of holy word
 K - a scroll of magic mapping
 M - a scroll of acquirement
 Y - a scroll of silence
Potions
 d - 4 potions of might
 h - 4 potions of haste
 k - 4 potions of mutation
 l - 4 potions of ambrosia
 m - 4 potions of cancellation
 n - 8 potions of flight
 p - 8 potions of lignification
 q - 7 potions of curing
 u - 7 potions of attraction
 A - 3 potions of invisibility
 Q - 3 potions of berserk rage
 T - 10 potions of magic
Miscellaneous
 I - a phial of floods
 P - a tin of tremorstones (2/2)


   Skills:
 + Level 19.8 Fighting
 + Level 20.6 Long Blades
 + Level 16.7 Armour
 - Level 5.0 Dodging
 - Level 15.1 Shields
 * Level 14.4 Invocations
 - Level 10.0 Evocations


You had 18 spell levels left.
You didn't know any spells.
Your spell library contained the following spells:

 Spells                   Type           Power        Failure   Level
 Animate Skeleton         Necr           0%           67%         1
 Apportation              Tloc           0%           67%         1
 Corona                   Hex            0%           67%         1
 Freeze                   Ice            0%           67%         1
 Shock                    Conj/Air       0%           67%         1
 Sting                    Tmut/Pois      0%           67%         1
 Summon Small Mammal      Summ           0%           67%         1
 Call Imp                 Summ           0%           82%         2
 Ensorcelled Hibernation  Hex/Ice        0%           82%         2
 Poisonous Vapours        Pois/Air       0%           82%         2
 Swiftness                Air            0%           82%         2
 Call Canine Familiar     Summ           0%           96%         3
 Confusing Touch          Hex            0%           96%         3
 Dazzling Flash           Conj/Hex       0%           96%         3
 Frozen Ramparts          Ice            0%           96%         3
 Ignite Poison            Fire/Tmut/Pois 0%           96%         3
 Mephitic Cloud           Conj/Pois/Air  0%           96%         3
 Ozocubu's Armour         Ice            0%           96%         3
 Static Discharge         Conj/Air       0%           96%         3
 Summon Guardian Golem    Hex/Summ       0%           96%         3
 Tukima's Dance           Hex            0%           96%         3
 Airstrike                Air            0%           100%        4
 Hailstorm                Conj/Ice       0%           100%        4
 Leda's Liquefaction      Hex/Erth       0%           100%        4
 Olgreb's Toxic Radiance  Pois           0%           100%        4
 Summon Ice Beast         Ice/Summ       0%           100%        4
 Summon Lightning Spire   Summ/Air       0%           100%        4
 Bolt of Magma            Conj/Fire/Erth 0%           100%        5
 Irradiate                Conj/Tmut      0%           100%        5
 Lightning Bolt           Conj/Air       0%           100%        5
 Summon Mana Viper        Hex/Summ       0%           100%        5
 Hydra Form               Tmut           0%           100%        6
 Iron Shot                Conj/Erth      0%           100%        6
 Statue Form              Tmut/Erth      0%           100%        6
 Dragon Form              Tmut           0%           100%        7
 Shatter                  Erth           0%           100%        9


Dungeon Overview and Level Annotations

Branches:
Dungeon (15/15)            Temple (1/1) D:7            Lair (6/6) D:11
  Swamp (0/4) Lair:3        Snake (0/4) Lair:2        Slime (0/5) Lair:5
    Orc (2/2) D:10            Elf (3/3) Orc:2        Vaults (0/5) D:13
 Depths (4/5) D:15          Sewer (visited)         Ossuary (visited)
 Bailey (visited)         Volcano (visited)         Desolation (visited)
Gauntlet (visited)

Altars:
Ashenzari
Cheibriados
Dithmenos
Elyvilon
Fedhas
Gozag
Hepliaklqana
Kikubaaqudgha
Makhleb
Nemelex Xobeh
Okawaru
Qazlal
Ru
Sif Muna
Trog
Uskayaw
Vehumet
Wu Jian
Xom
Yredelemnul
Zin
The Shining One
Beogh

Shops:
Orc:2 [*=:   Elf:1 *   Elf:3 (   Depths:1 *   Depths:3 ?(   Depths:4 ?

Portals:
Hell: Depths:1 Depths:4
Abyss: Depths:2 Depths:4

Annotations:
Depths:1 1 runed translucent door !, exclusion: orange crystal statue


Innate Abilities, Weirdness & Mutations

You reflexively headbutt those who attack you in melee.
You have a pair of horns on your head.


Message History

Press: ? - help, Dir - move target
As you read the scroll of blinking, it crumbles to dust.
You hear a grinding noise.
You see here a scroll of fog.
You hear a grinding noise.
You hear a grinding noise. x2
You hear a grinding noise.
The spriggan air mage waves its arms in wide circles.
The air twists around and strikes you!!
* * * LOW HITPOINT WARNING * * *
You hear a grinding noise.
You see here a bolt.
You block the spriggan defender's attack.
Things that are here:
14 bolts; a +0 arbalest The spriggan air mage waves its arms in wide circles.
The air twists around and strikes you!!
* * * LOW HITPOINT WARNING * * *
The spriggan defender hits you with a +1 vampiric lajatang!
You die...

....#.....888.....#####.###..##.#
...##8...#...#...8#...#......##.#
...###8.........8####...........#
.### ##8.......8##.#########.####
## ##8.....8##.>............# #
###8...8###(############## #
#.###.####...#
#######.....(####..######
..........(.(#(i@........
............#(.(...######
...........i.(....##....##
.....?.i......((.##......##
....##'##......(.#........#
...##...##.......#........# #.
...#.....#.......#........# '
..e......#..######))......#.#
..X#.....#.##...#)#......##.##


You could see a spriggan defender and a spriggan air mage (empowered, repels
missiles).

Vanquished Creatures
  A hellephant (Abyss:3)
  Jorgrun (Orc:1)
  2 liches
  A quicksilver dragon (Depths:2)
  2 sphinxes
  4 tengu reavers
  A shadow dragon (Elf:1)
  2 iron dragons
  A deep elf sorcerer (Elf:1)
  4 fire giants
  3 frost giants
  A draconian shifter (Abyss:3)
  A deep elf elementalist (Depths:3)
  A reaper (Gauntlet)
  10 very ugly things
  9 stone giants
  A caustic shrike skeleton (D:15)
  4 vampire knights
  The ghost of Uvinaotu the Blocker, a journeyman MiFi of the Shining One (D:15)
  A deep elf demonologist (Elf:1)
  5 dire elephants (Abyss:3)
  A minotaur (Gauntlet)
  A deep elf annihilator (Depths:2)
  10 ettins
  7 spark wasps
  A deep elf death mage (Elf:2)
  2 jiangshi (Depths:1)
  A deep elf high priest (Elf:1)
  A fire dragon (shapeshifter) (Depths:3)
  6 fire dragons
  The ghost of Apogee the Cleaver, a journeyman MiGl of Okawaru (D:9)
  A ragged hierophant (Desolation)
  2 ogre magi (Depths:2)
  3 boulder beetles
  Fannar (Lair:1)
  Harold (Orc:1)
  4 rakshasas
  9 hydras
  4 great orbs of eyes
  4 ice dragons
  A peacekeeper (Elf:1)
  5 spriggan air magi
  12 centaur warriors
  11 two-headed ogres
  22 dancing weapons
  8 deep troll earth magi
  3 orc high priests
  Urug (D:13)
  A vampire mage (Depths:1)
  4 deep troll shamans (Depths:1)
  9 tengu warriors
  10 spriggan berserkers
  Sonja (Lair:6)
  15 deep elf knights
  6 hell knights (Depths:1)
  Nergalle (D:10)
  An unseen horror (shapeshifter) (D:13)
  An iron troll (Depths:1)
  4 skeletal warriors (D:15)
  A spatial maelstrom (Abyss:3)
  3 flayed ghosts
  2 unseen horrors
  2 glowing orange brains (Depths:1)
  10 deep trolls
  6 deep elf archers
  A phantasmal warrior (D:14)
  3 necromancers
  4 wizards
  8 orc knights
  A lindwurm (Lair:6)
  2 orc sorcerers
  21 ugly things
  36 deep elf magi
  2 manticores
  5 cyclopes
  A wolf spider (Lair:6)
  An orb spider (shapeshifter) (Gauntlet)
  An elephant (shapeshifter) (Depths:1)
  Maurice (Orc:1)
  2 guardian serpents
  3 smoke demons (Abyss:3)
  13 elephants
  10 black mambas
  2 gargoyles
  Maggie (D:8)
  3 torpor snails
  15 cane toads
  13 komodo dragons
  3 rime drakes
  5 efreet
  A rime drake (shapeshifter) (Depths:4)
  A hellwing (Gauntlet)
  A demonic crawler (Abyss:3)
  A kobold demonologist (D:15)
  7 yaktaurs
  A troll (shapeshifter) (Elf:3)
  5 trolls
  A meliai (shapeshifter) (Depths:2)
  3 tengu conjurers
  2 guardian mummies
  3 meliai (Lair:4)
  A queen bee (Lair:4)
  A hornet (shapeshifter) (Depths:1)
  13 polar bears
  Prince Ribbit (Lair:1)
  5 hornets
  11 saltlings (Desolation)
  9 raiju
  16 blink frogs
  A meliai zombie (D:13)
  A spriggan zombie (D:15)
  A dream sheep (shapeshifter) (Gauntlet)
  A fire dragon skeleton (D:15)
  2 wraiths
  2 redbacks (Lair:6)
  4 shadows
  3 vampires
  A large abomination (Abyss:3)
  5 spriggans
  12 wyverns
  A deep troll skeleton (D:15)
  An air elemental (Elf:1)
  5 starcursed masses (Abyss:3)
  7 fire elementals
  A hog (shapeshifter) (Depths:2)
  2 basilisks
  17 humans
  63 yaks
  10 wargs
  A steam dragon (Lair:3)
  Menkaure (D:7)
  5 spatial vortices (Abyss:3)
  3 nagas (Lair:2)
  An acid dragon (D:14)
  A soldier ant (D:11)
  A soldier ant (shapeshifter) (Depths:2)
  2 swamp worms (Lair:3)
  A water moccasin (shapeshifter) (Depths:3)
  12 hell hounds (Lair:6)
  25 water moccasins
  45 orc warriors
  7 sky beasts
  7 ice beasts
  3 phantoms
  13 black bears
  10 boggarts
  27 centaurs
  2 eyes of draining
  10 ogres
  17 wolves
  A necrophage (D:11)
  20 bullfrogs
  Blork the orc (D:5)
  A bullfrog (shapeshifter) (Gauntlet)
  A gnoll sergeant (D:8)
  A wyvern zombie (D:15)
  An earth elemental (Elf:2)
  A small abomination (Abyss:3)
  9 scorpions
  2 water moccasin zombies (Ossuary)
  30 killer bees
  27 wights
  2 electric eels (Lair:4)
  A howler monkey (D:8)
  3 centaur zombies
  2 bullfrog zombies
  6 hounds
  A quasit (Abyss:3)
  3 centaur skeletons
  28 orc priests
  3 jellies
  3 iguanas
  Ijyb (D:5)
  24 orc wizards
  4 hell rats (Lair:5)
  12 worker ants
  2 big kobold zombies (Ossuary)
  A hound zombie (D:4)
  2 mummies (Ossuary)
  A worker ant zombie (D:7)
  A howler monkey zombie (D:8)
  25 gnolls
  24 adders
  2 howler monkey skeletons
  8 river rats (Sewer)
  A white imp (D:8)
  An ufetubus (D:10)
  5 oozes
  2 adder zombies (Ossuary)
  A worm (D:2)
  A dart slug (D:2)
  4 leopard geckos
  94 orcs
  12 ball pythons
  9 giant cockroaches
  5 gnoll zombies (Ossuary)
  19 hobgoblins
  8 jackals
  19 kobolds
  6 quokkas
  A ball python skeleton (D:4)
  12 bats
  5 frilled lizards
  17 goblins
  3 hobgoblin zombies (Ossuary)
  6 kobold zombies (Ossuary)
  A leopard gecko skeleton (D:8)
  3 orc zombies (Ossuary)
  2 quokka skeletons
  27 rats
1348 creatures vanquished.

Vanquished Creatures (collateral kills)
  An iron dragon (Elf:1)
  A very ugly thing (Depths:1)
  A stone giant (Depths:1)
  A deep elf demonologist (Elf:1)
  3 deep troll shamans (Depths:1)
  A deep troll earth mage (Depths:1)
  A tengu warrior (Depths:1)
  A deep elf knight (Elf:1)
  A hell knight (Depths:1)
  A deep elf archer (Elf:1)
  4 necromancers (Depths:1)
  5 ugly things (Depths:1)
  A deep elf mage (Elf:1)
  A yaktaur (Depths:1)
  A spatial vortex (Abyss:3)
  An orc warrior (Elf:1)
  An orc wizard (Elf:1)
  An orc (Elf:1)
27 creatures vanquished.

Vanquished Creatures (others)
  2 orcs
  A hobgoblin (D:3)
  A bush (Lair:6)
  45 fungi
  74 plants
  8 withered plants (D:15)
131 creatures vanquished.

Grand Total: 1506 creatures vanquished

Notes
Turn   | Place    | Note
-------+----------+-------------------------------------------
     0 | D:1      | Dirian the Minotaur Fighter began the quest for the Orb.
     0 | D:1      | Reached XP level 1. HP: 19/19 MP: 0/0
    13 | D:1      | Reached XP level 2. HP: 6/27 MP: 1/1
   413 | D:1      | Reached XP level 3. HP: 30/33 MP: 2/2
   754 | D:1      | Reached skill level 3 in Long Blades
   928 | D:2      | Reached XP level 4. HP: 40/40 MP: 3/3
  1069 | D:2      | Reached skill level 1 in Evocations
  1376 | D:2      | Found a glowing silver altar of Zin.
  1376 | D:2      | Found an opulent altar of Gozag.
  1523 | D:2      | Reached skill level 4 in Long Blades
  1527 | D:2      | Reached XP level 5. HP: 42/46 MP: 4/4
  2670 | D:3      | Found an iron altar of Okawaru.
  2670 | D:3      | Found an ornate altar of the Wu Jian Council.
  2788 | D:3      | Found a white marble altar of Elyvilon.
  2866 | D:3      | Reached XP level 6. HP: 50/53 MP: 5/5
  3054 | D:4      | Reached skill level 5 in Armour
  3066 | D:4      | Reached skill level 5 in Long Blades
  3073 | D:4      | Reached skill level 1 in Dodging
  3073 | D:4      | Reached skill level 5 in Shields
  3304 | D:4      | Reached XP level 7. HP: 60/60 MP: 6/6
  3753 | D:5      | Entered Level 5 of the Dungeon
  3811 | D:5      | Noticed Blork the orc
  3820 | D:5      | Killed Blork the orc
  3821 | D:5      | Reached skill level 6 in Long Blades
  3920 | D:5      | Found a stormy altar of Qazlal.
  3922 | D:5      | Noticed a water elemental
  3923 | D:5      | Noticed an air elemental
  3923 | D:5      | Noticed a fire elemental
  4033 | D:5      | Reached skill level 5 in Fighting
  4364 | D:5      | Noticed Ijyb
  4381 | D:5      | Killed Ijyb
  4382 | D:5      | Reached XP level 8. HP: 62/68 MP: 7/7
  4448 | D:6      | Found a radiant altar of Vehumet.
  4563 | D:6      | Found an ancient bone altar of Kikubaaqudgha.
  4575 | D:6      | Reached skill level 7 in Long Blades
  4663 | D:6      | Found a glowing drain.
  4700 | Sewer    | Entered a sewer
  5003 | Sewer    | Reached skill level 8 in Long Blades
  5603 | D:6      | Reached XP level 9. HP: 33/72 MP: 8/8
  6265 | D:7      | Found a sand-covered staircase.
  6273 | Ossuary  | Entered an ossuary
  6389 | Ossuary  | Reached skill level 9 in Long Blades
  6723 | D:7      | Noticed Menkaure
  6738 | D:7      | Killed Menkaure
  6858 | D:7      | Found a staircase to the Ecumenical Temple.
  6933 | D:7      | Reached skill level 5 in Evocations
  7017 | D:7      | Noticed a troll
  7025 | D:7      | Killed a troll
  7026 | D:7      | Reached skill level 5 in Dodging
  7486 | D:7      | Reached skill level 10 in Long Blades
  7752 | Temple   | Entered the Ecumenical Temple
  7908 | Temple   | Became a worshipper of the Shining One
  8116 | D:8      | Reached XP level 10. HP: 86/86 MP: 9/9
  8212 | D:8      | Reached skill level 1 in Invocations
  8304 | D:8      | Noticed Maggie
  8315 | D:8      | Killed Maggie
  8804 | D:8      | Reached * piety under the Shining One
  9238 | D:9      | Found a runed translucent door.
  9238 | D:9      | Identified the +5 spear "Newtslayer" {freeze, +Blink rF+
                  | SInv}
  9238 | D:9      | Noticed Apogee's ghost (journeyman MiGl)
  9384 | D:9      | Reached skill level 11 in Long Blades
 10353 | D:9      | Got a crude chain mail
 10363 | D:9      | Identified the +7 chain mail "Filoxeofi" {-Cast rElec rN+
                  | Regen+} (You found it on level 9 of the Dungeon)
 10364 | D:9      | Identified a scroll of acquirement
 10364 | D:9      | Acquired the +0 kite shield "Olurphef" {Rampage Will+
                  | Regen+}
 10425 | D:10     | Entered Level 10 of the Dungeon
 10447 | D:10     | Noticed an unseen horror
 10454 | D:10     | Killed an unseen horror
 10536 | D:10     | Noticed Nergalle
 10536 | D:10     | Reached ** piety under the Shining One
 10547 | D:10     | Killed Nergalle
 10587 | D:10     | Reached XP level 11. HP: 67/95 MP: 12/12
 10629 | D:10     | Found a staircase to the Orcish Mines.
 10733 | D:10     | Reached skill level 12 in Long Blades
 11143 | D:10     | Identified the +1 robe of Poor Excuses {Str+3}
 11296 | D:11     | Noticed a green ugly thing
 11298 | D:11     | Reached *** piety under the Shining One
 11315 | D:11     | Killed a green ugly thing
 11332 | D:11     | Reached skill level 10 in Armour
 11379 | D:11     | Noticed a two-headed ogre
 11379 | D:11     | Noticed a purple ugly thing
 11392 | D:11     | Killed a purple ugly thing
 11397 | D:11     | Killed a two-headed ogre
 11448 | D:11     | Found a gate leading to a gauntlet.
 11457 | Gauntlet | Entered a Gauntlet
 11457 | Gauntlet | Found a transporter.
 11457 | Gauntlet | Found a transporter.
 11469 | Gauntlet | Found a transporter.
 11487 | Gauntlet | Found a transporter.
 11487 | Gauntlet | Found a transporter.
 11487 | Gauntlet | Found a transporter.
 11489 | Gauntlet | Found a transporter.
 11489 | Gauntlet | Found a transporter.
 11498 | Gauntlet | Noticed a reaper
 11503 | Gauntlet | Found a transporter.
 11516 | Gauntlet | Found a transporter.
 11526 | Gauntlet | Found a transporter.
 11540 | Gauntlet | Found a transporter.
 11560 | Gauntlet | Found a transporter.
 11567 | Gauntlet | Found a runed translucent door.
 11567 | Gauntlet | Found a runed translucent door.
 11571 | Gauntlet | Found a transporter.
 11596 | Gauntlet | Noticed a boulder beetle
 11599 | Gauntlet | Noticed an alligator
 11599 | Gauntlet | a boulder beetle changed into an alligator
 11600 | Gauntlet | Noticed an anaconda
 11600 | Gauntlet | an alligator changed into an anaconda
 11618 | Gauntlet | Reached skill level 13 in Long Blades
 11627 | Gauntlet | Noticed an orb spider
 11627 | Gauntlet | a black mamba changed into an orb spider
 11627 | Gauntlet | Noticed a wolf spider
 11627 | Gauntlet | a snapping turtle changed into a wolf spider
 11631 | Gauntlet | Noticed a goliath frog
 11631 | Gauntlet | a wolf spider changed into a goliath frog
 11632 | Gauntlet | Noticed an alligator
 11632 | Gauntlet | a goliath frog changed into an alligator
 11633 | Gauntlet | Noticed a wolf spider
 11633 | Gauntlet | an alligator changed into a wolf spider
 11640 | Gauntlet | a wolf spider changed into a redback
 11654 | Gauntlet | Killed an orb spider
 11658 | Gauntlet | Reached skill level 5 in Invocations
 11665 | Gauntlet | Noticed a swamp dragon
 11684 | Gauntlet | Got a warped bronze amulet
 11692 | Gauntlet | Identified the amulet of False Pretenses {rElec Regen+
                  | Str+3 Int+3 Dex-5} (You found it in a Gauntlet)
 11761 | Gauntlet | Killed a reaper
 11768 | Gauntlet | Got a wavering ivory ring
 11777 | Gauntlet | Got a pair of faintly glowing boots
 11782 | Gauntlet | Identified the -2 pair of boots "Iphubapo" {-Cast rF+++
                  | rN+++ Dex-3} (You found it in a Gauntlet)
 11788 | Gauntlet | Identified the ring "Voptum" {*Tele rPois Stlth+} (You
                  | found it in a Gauntlet)
 11858 | Gauntlet | Identified the +6 scale mail "Anoud" {rC+ Dex+4}
 11858 | Gauntlet | Noticed a minotaur
 11876 | Gauntlet | Killed a minotaur
 11883 | Gauntlet | Got a bound brass ring
 11899 | D:11     | Identified the ring of Omnuir {*Contam Int+2 Dex+4 Stlth-}
                  | (You found it in a Gauntlet)
 11991 | D:11     | Found a staircase to the Lair.
 12033 | D:11     | Reached XP level 12. HP: 106/106 MP: 15/15
 12734 | D:12     | Reached **** piety under the Shining One
 12763 | D:12     | Reached skill level 10 in Fighting
 12877 | D:12     | Reached skill level 14 in Long Blades
 13112 | D:13     | Found a gate to the Vaults.
 13112 | D:13     | Noticed a two-headed ogre
 13112 | D:13     | Noticed a centaur warrior
 13112 | D:13     | Noticed Urug
 13204 | D:13     | Found a flagged portal.
 13234 | Bailey   | Entered a bailey
 13609 | D:13     | Killed Urug
 13613 | D:13     | Killed a centaur warrior
 13711 | D:13     | Killed a two-headed ogre
 14121 | D:14     | Noticed a boulder beetle
 14141 | D:14     | Killed a boulder beetle
 14154 | D:14     | Noticed a centaur warrior
 14159 | D:14     | Reached XP level 13. HP: 115/116 MP: 17/17
 14551 | D:14     | Reached skill level 15 in Long Blades
 14840 | D:15     | Entered Level 15 of the Dungeon
 15041 | D:15     | Reached ***** piety under the Shining One
 15165 | D:15     | Found a staircase to the Depths.
 15524 | D:15     | Reached XP level 14. HP: 98/127 MP: 19/19
 15814 | D:15     | Identified the cursed +1 chain mail "Borchuep" {*Slow
                  | Dex+9}
 15815 | D:15     | Noticed Uvinaotu's ghost (journeyman MiFi)
 15816 | D:15     | Found a runed translucent gate.
 15816 | D:15     | Found a runed translucent gate.
 15817 | D:15     | Found a runed translucent gate.
 15823 | D:15     | Found a roughly hewn altar of Beogh.
 16248 | D:15     | Got a warped long sword
 16249 | D:15     | Identified the +7 long sword of the Saving Firefly {drain,
                  | rElec rN+ Dex+4} (You found it on level 15 of the Dungeon)
 16575 | D:9      | Killed Apogee's ghost
 16678 | Lair:1   | Entered Level 1 of the Lair of Beasts
 16751 | Lair:1   | Found a dark tunnel.
 16758 | Volcano  | Entered a volcano
 16963 | Lair:1   | Noticed Prince Ribbit
 16967 | Lair:1   | Killed Prince Ribbit
 17003 | Lair:1   | Noticed Fannar
 17010 | Lair:1   | Killed Fannar
 17245 | Lair:1   | Reached skill level 16 in Long Blades
 17766 | Lair:2   | Found a staircase to the Snake Pit.
 18517 | Lair:3   | Found a staircase to the Swamp.
 19277 | Lair:4   | Reached skill level 10 in Evocations
 20227 | Lair:5   | Reached ****** piety under the Shining One
 20530 | Lair:5   | Found a staircase to the Slime Pits.
 20700 | Lair:6   | Entered Level 6 of the Lair of Beasts
 20759 | Lair:6   | Reached XP level 15. HP: 138/138 MP: 21/21
 20844 | Lair:6   | Noticed Sonja
 21358 | Lair:6   | Reached skill level 10 in Invocations
 21651 | Lair:6   | Reached skill level 10 in Shields
 21861 | Lair:6   | Reached skill level 17 in Long Blades
 21879 | Lair:6   | Killed Sonja
 22468 | Orc:1    | Entered Level 1 of the Orcish Mines
 22474 | Orc:1    | Reached skill level 15 in Fighting
 22568 | Orc:1    | Noticed Maurice
 22577 | Orc:1    | Noticed Harold
 22578 | Orc:1    | Killed Maurice
 22590 | Orc:1    | Killed Harold
 22867 | Orc:2    | Entered Level 2 of the Orcish Mines
 22896 | Orc:1    | Noticed Jorgrun
 22914 | Orc:1    | Killed Jorgrun
 23157 | Orc:2    | Reached XP level 16. HP: 137/149 MP: 22/22
 23229 | Orc:2    | Found a staircase to the Elven Halls.
 23241 | Orc:2    | Found Niuck's General Store.
 23241 | Orc:2    | Found Lovisyuq's Jewellery Shop.
 23242 | Orc:2    | Found Sozorual's Book Boutique.
 23247 | Orc:2    | Found Pysch's Armour Shoppe.
 23689 | Orc:2    | Found a roughly hewn altar of Beogh.
 23777 | Elf:1    | Entered Level 1 of the Elven Halls
 23778 | Elf:1    | Found Alig's Assorted Antiques.
 23826 | Elf:1    | Bought a scintillating pewter ring for 190 gold pieces
 23827 | Elf:1    | Identified the ring "Xoxoplil" {rC+ rN+ EV+4 Int+3} (You
                  | bought it in a shop on level 1 of the Elven Halls)
 24079 | Elf:1    | Found a ruined gateway.
 24085 | Desolati | Entered the Desolation of Salt
 24411 | Elf:1    | Identified the Volume of the Inquisitive Defenders
 24613 | Elf:1    | Noticed an Executioner
 24648 | Elf:1    | Noticed a Brimstone Fiend
 24656 | Elf:1    | Noticed a Tzitzimitl
 24701 | Elf:1    | Found a runed translucent gate.
 24701 | Elf:1    | Found a runed translucent gate.
 24701 | Elf:1    | Found a runed translucent gate.
 24701 | Elf:1    | Found a runed translucent gate.
 24701 | Elf:1    | Found a runed translucent gate.
 24702 | Elf:1    | Found a runed translucent gate.
 24702 | Elf:1    | Noticed a shadow dragon
 24735 | Elf:1    | Killed a shadow dragon
 25139 | Elf:2    | Found a huge runed translucent gate.
 25139 | Elf:2    | Found a huge runed translucent gate.
 25139 | Elf:2    | Found a huge runed translucent gate.
 25145 | Elf:2    | Found a huge runed translucent gate.
 25145 | Elf:2    | Found a huge runed translucent gate.
 25685 | Elf:2    | Reached XP level 17. HP: 154/158 MP: 21/24
 25858 | Elf:2    | Reached skill level 15 in Shields
 26091 | Elf:3    | Entered Level 3 of the Elven Halls
 26380 | Elf:3    | Found Femonobu's Antique Weapon Emporium.
 26685 | Depths:1 | Entered Level 1 of the Depths
 26768 | D:15     | Killed Uvinaotu's ghost
 26774 | D:15     | Reached skill level 18 in Long Blades
 26991 | Depths:1 | Reached skill level 15 in Armour
 27361 | Depths:1 | Identified a +4 eudemon blade of holy wrath (a +2 demon
                  | blade blessed by the Shining One)
 27361 | Depths:1 | Received a gift from the Shining One
 27386 | Depths:1 | Found a runed translucent door.
 27592 | Depths:1 | Found a gateway to Hell.
 27656 | Depths:1 | Found Sessuq's General Store.
 27679 | Depths:1 | Bought a scroll of magic mapping for 59 gold pieces
 27697 | Depths:1 | Reached XP level 18. HP: 146/170 MP: 26/26
 28021 | Depths:1 | HP: 8/170 [deep troll earth mage (18)]
 28032 | Depths:1 | Reached skill level 19 in Long Blades
 28826 | Depths:2 | Found a one-way gate to the infinite horrors of the Abyss.
 29267 | Depths:2 | Noticed a lich
 29268 | Depths:2 | Cast into level 3 of the Abyss (a lich)
 29295 | Abyss:3  | Noticed a hellephant
 29414 | Abyss:3  | Found a corrupted altar of Lugonu.
 29414 | Abyss:3  | Noticed a hellephant
 29446 | Abyss:3  | Killed a hellephant
 29447 | Abyss:3  | Reached XP level 19. HP: 46/181 MP: 28/28
 29456 | Abyss:3  | HP: 5/181 [starcursed mass/accursed screaming (6)]
 29464 | Abyss:3  | Got an abyssal rune of Zot
 29464 | Abyss:3  | HP: 3/181 [starcursed mass/accursed screaming (9)]
 29519 | Depths:2 | Escaped the Abyss
 29827 | Depths:2 | You fall into a shaft and drop 2 floors!
 30042 | Depths:4 | Reached skill level 20 in Long Blades
 30311 | Depths:4 | Found the cursed necklace of Bloodlust {*Rage +Rage Will++
                  | Int-3 Slay+6 *Curse}
 30401 | Depths:4 | Found Kuuleul's Magic Scroll Boutique.
 30940 | Depths:3 | Found Xilis's Weapon Emporium.
 30948 | Depths:3 | Found Evexzami's Magic Scroll Shoppe.
 31052 | Depths:3 | HP: 7/184 [spriggan air mage/the air (25)]
 31071 | Depths:3 | HP: 2/184 [spriggan air mage/the air (20)]
 31071 | Depths:3 | Mangled by a spriggan defender

Illustrated notes

Levels and vault maps discovered:
D:1:      dpeg_arrival_stonehenge_8_columns, layout_basic, minmay_pentomino_v4
D:2:      layout_basic, grunt_temple_overflow_gold_and_silver, serial_rivers,
          chequers_serial_rivers_marsh, chequers_serial_rivers_micro_c,
          chequers_serial_rivers_micro_e, chequers_serial_rivers_small_b,
          minmay_increasing_density
D:3:      layout_loops_ring, gammafunk_temple_overflow_statue, elyvilon_altar_4
D:4:      layout_rooms
D:5:      layout_rooms, kennysheep_pointless_box,
          nicolae_qazlal_style_of_elements, uniq_ijyb, uniq_blork_the_orc
D:6:      layout_basic, old_standard_altar, vehumet_altar_wand_db,
          gup_sewer_entry_glass, grunt_ministairs_6
D:7:      layout_basic, minmay_temple_entry_antechambers,
          nicolae_ossuary_entry_plus, dk_rats_in_the_wall, uniq_menkaure
D:8:      layout_layer_cave, minmay_parallelograms, serial_bayou_crossing,
          uniq_maggie
D:9:      layout_basic, ebering_ghost_funeral_grove, minmay_crystal_water,
          patterned_corridor
D:10:     layout_basic, erik_orc_4, uniq_nergalle
D:11:     layout_roguey, david_lair_generic, gauntlet_entry_generic,
          minmay_diced_spiral
D:12:     layout_roguey, serial_rivers, chequers_serial_rivers_large_b,
          chequers_serial_rivers_micro_d, chequers_serial_rivers_small_3,
          chequers_serial_rivers_small_a, chequers_serial_rivers_room_b
D:13:     layout_roguey, david_vaults_3, enter_bailey_5
D:14:     layout_gridville, chequers_arboretum
D:15:     gammafunk_depths_entry_grave, layout_loops_ring,
          biasface_ghost_orc_armoury, minmay_tree_intersection
Temple:   eino_temple_scatter_basement
Lair:1:   layout_cave_pods, enter_volcano_1, uniq_prince_ribbit2, uniq_fannar
Lair:2:   layout_cave_shapes, guppyfry_snake_entry_island, st_stairs_7,
          minmay_holes, serial_bayou_shore_a
Lair:3:   layout_long_grid, minmay_swamp_entry_worms, bh_autumn_forest_stairs
Lair:4:   layout_gridlike, special_room [special_room_bee], grunt_megastairs_1,
          lemuel_fruit_fields
Lair:5:   layout_hall_layers, slime_dummy, beast_lair_carwin_9
Lair:6:   hangedman_lair_caniforms_friends, layout_regular_city,
          hangedman_lair_tendril_chambers, infiniplex_staircase_pool,
          grunt_megastairs_3, uniq_sonja
Orc:1:    layout_caves, nicolae_orc_tapped_out, uniq_harold, uniq_jorgrun,
          uniq_maurice
Orc:2:    st_orc_rangers, layout_caves, minmay_orc_temple_b
Elf:1:    layout_geoelf_octagon, portal_desolation_entry_ruin, serial_shops,
          shop, orc_legates, minmay_elf_sorcery
Elf:2:    layout_geoelf_grid
Elf:3:    minmay_elf_hall_hex, layout_geoelf_diagonals, serial_shops, shop
Depths:1: layout_roguey, hell_entry, chequers_serial_rivers_small_3,
          serial_shops, nicolae_shop_window_shopping, minmay_crystal_box,
          grunt_megastairs_4
Depths:2: minmay_swirls_squares, layout_cave_pools, hellmouth_1,
          kennysheep_doodads, abyss_entry
Depths:3: minmay_octagon_city, layout_basic, rand_demon_pan_entry_7, hell_entry,
          infiniplex_staircase_trident, minmay_shoptagon
Depths:4: gammafunk_its_a_trap, layout_honeycomb, infiniplex_staircase_zigzag_4,
          pf_vacation_house_of_asmodeus, serial_shops, shop_scrolls,
          abyss_entry_crystal, rand_demon_pan_entry_4, minivault_21,
          serial_bayou_shore_b, minmay_shop_grove, serial_bayou_shore_b

Skill      XL: |  1  2  3  4  5  6  7  8  9 10 11 12 13 14 15 16 17 18 19 |
---------------+----------------------------------------------------------+-----
Fighting       | 4 5 6 7 8 9 11 12 14 15 17 18 19 | 19.8
Armour         | 4 5 6 8 9 10 11 12 13 14 15 16 | 16.7
Shields        | 4 5 6 11 14 15 | 15.1
Long Blades    | 3 4 5 6 8 10 11 13 14 15 16 17 18 19 20 | 20.6
Evocations     | 1 2 3 4 5 6 7 8 9 10 | 10.0
Dodging        | 1 2 4 5 |  5.0
Invocations    | 3 5 6 8 9 10 11 12 13 14 | 14.4

Action                   |  1- 3 |  4- 6 |  7- 9 | 10-12 | 13-15 | 16-18 | 19-21 || total
-------------------------+-------+-------+-------+-------+-------+-------+-------++-------
Melee: Long sword        |    76 |   171 |   438 |   650 |   341 |       |       ||  1676
       Headbutt          |     9 |    34 |    86 |   172 |   340 |   404 |   103 ||  1148
       Scimitar          |       |       |       |       |   881 |   923 |       ||  1804
       Eudemon blade     |       |       |       |       |       |   509 |   346 ||   855
Invok: Divine Shield     |       |       |       |     5 |     7 |    24 |    10 ||    46
       Summon Divine War |       |       |       |       |       |     5 |     3 ||     8
       Cleansing Flame   |       |       |       |       |       |     1 |     3 ||     4
       Brand Weapon With |       |       |       |       |       |     1 |       ||     1
Evoke: Wand              |       |       |       |       |     6 |       |       ||     6
  Use: Scroll            |       |    12 |    14 |     9 |     7 |    11 |     1 ||    54
       Potion            |       |       |     7 |     3 |     2 |     4 |     4 ||    20
Armor: Scale mail        |    34 |    67 |    13 |       |       |       |       ||   114
       Chain mail        |       |       |   151 |   234 |   517 |   389 |    66 ||  1357
Dodge: Dodged            |    23 |    43 |   167 |   202 |   377 |   399 |    72 ||  1283
Block: Kite shield       |    54 |    77 |   224 |   368 |   693 |  1161 |   252 ||  2829
       Rpst.: Long sword |     7 |    13 |    39 |    39 |    20 |       |       ||   118
       Scimitar          |       |       |       |       |    72 |    39 |       ||   111
       Eudemon blade     |       |       |       |       |       |    23 |    20 ||    43
